Map: Dusk Towers

Players

LilDicky - Winner!

  • Race: Terran Terran
  • League: Diamond

Coeus

  • Race: Terran Terran
  • League: Platinum

VOD

http://www.twitch.tv/tumescentpie

Description

Time

  • Played on: Dec. 12, 2015, 10:51 p.m.
  • Length: 5:29
Show
View Real Time Build Order
Export as new Build Order

LilDicky Terran - Winner!

Build Orders: Banshee Rush 

Get SALT Encoding   

  12  0:01  SCV  
  13  0:14  SCV  
  14  0:18  Supply Depot  
  14  0:26  SCV  
  15  0:34  Refinery  
  15  0:39  SCV  
  16  0:46  Barracks  
  16  0:53  SCV  
  17  1:03  Refinery  
  17  1:05  SCV  
  18  1:19  SCV  
  19  1:32  Marine  
  19  1:34  Supply Depot, Orbital Command  
  20  1:51  Marine  
  20  1:53  Factory  
  21  1:59  SCV  
  22  2:09  Marine  
  22  2:11  SCV  
  24  2:24  SCV  
  24  2:27  Marine  
  26  2:36  SCV  
  27  2:39  Factory Tech Lab, Starport  
  26  2:46  Marine  
  27  2:52  Supply Depot  
  27  2:57  SCV  
  28  3:04  Marine  
  29  3:10  SCV  
  30  3:24  Cloaking Field  
  30  3:25  Banshee  
  33  3:36  Marine  
  34  3:46  Widow Mine  
  36  3:50  SCV  
  36  3:51  Engineering Bay  
  36  3:55  Command Center  
  37  3:57  Marine  
  39  4:02  SCV  
  39  4:14  Supply Depot  
  39  4:21  Missile Turret  
  39  4:35  Banshee, Marine, Widow Mine  
  39  4:36  SCV  
  46  4:48  SCV  
  47  5:06  SCV  
Show
View Real Time Build Order
Export as new Build Order

Coeus Terran 

Build Orders: 1/1/1, Banshee Rush 

Get SALT Encoding   

  12  0:01  SCV  
  13  0:13  SCV  
  14  0:19  Supply Depot  
  14  0:23  Refinery  
  14  0:28  SCV  
  15  0:40  SCV  
  16  0:46  Barracks  
  16  0:52  SCV  
  17  0:57  Refinery  
  17  1:04  SCV  
  18  1:16  SCV  
  19  1:33  Reaper, Orbital Command  
  19  1:38  Factory  
  20  2:00  SCV, Supply Depot  
  21  2:05  Reaper  
  22  2:15  SCV  
  22  2:22  Hellion  
  25  2:24  Starport  
  25  2:28  SCV  
  26  2:40  SCV  
  26  2:41  Barracks Reactor  
  26  2:54  Factory Tech Lab  
  26  3:00  SCV  
  27  3:07  Supply Depot  
  27  3:18  Marine x2  
  29  3:21  SCV  
  29  3:23  Cloaking Field  
  30  3:28  Banshee  
  33  3:36  Supply Depot  
  33  3:37  Marine  
  33  3:38  Marine  
  35  3:45  SCV  
  35  3:47  Command Center  
  36  3:54  Barracks, Widow Mine  
  38  3:57  SCV  
  38  3:59  Marine  
  38  4:00  Marine  
  41  4:11  SCV, Banshee  
  41  4:15  Supply Depot  
  45  4:18  Marine  
  45  4:20  Marine  
  45  4:23  Factory Tech Lab  
  47  4:32  Supply Depot  
  47  4:37  SCV  
  48  4:45  Barracks  
  48  4:48  Factory Tech Lab  
  48  4:49  SCV  
  41  5:12  SCV  
Tags
 
Add a new tag
Caveats
  • Supply blocks, unpowered buildings, or Contaminate may cause inaccurate times.
  • Supply counts are checked every 10 seconds.